 Dungeon Crawl Stone Soup version bcrawl-1.28.1b (webtiles) character file.

Game seed: 2789658989864942616

128746 Morbidden the Ducker (level 4, 0/28 HPs)
             Began as an Avariel Reaver on Dec 16, 2020.
             Was a Follower of Vehumet.
             Succumbed to a worker ant's poison
             ... on level 2 of the Dungeon.
             The game lasted 00:02:57 (1360 turns).

Morbidden the Ducker (Avariel Reaver)               Turns: 1360, Time: 00:02:58

Health: 0/28       AC:  6    Str:  9    XL:     4   Next: 0%
Magic:  7/11       EV: 13    Int: 23    God:    Vehumet [*.....]
Gold:   60         SH:  0    Dex:  9    Spells: 8/9 levels left

rFire    . . .     SeeInvis .   a - +0 long sword
rCold    . . .     Gourm    .   (no shield)
rNeg     . . .     Faith    .   b - +0 steam dragon scales
rPois    .         Spirit   .   (no helmet)
rElec    .         Reflect  .   (no cloak)
rCorr    .         Harm     .   (no gloves)
MR       .....                  l - +0 pair of boots
Stlth    +.........             (no amulet)
HPRegen  0.09/turn              (no ring)
MPRegen  0.12/turn              (no ring)

@: lethally poisoned (0 -> -13), about to teleport
A: clever 1, clumsy 1
a: Renounce Religion


You were on level 2 of the Dungeon.
You worshipped Vehumet.
Vehumet was aware of your devotion.
You were hungry.

You visited 1 branch of the dungeon, and saw 2 of its levels.

You collected 60 gold pieces.

Inventory:

Hand Weapons
 a - a +0 long sword (weapon)
Missiles
 j - 126 stones (quivered)
Armour
 b - +0 steam dragon scales (worn)
 l - a +0 pair of boots (worn)
Scrolls
 d - a scroll of immolation
 g - 2 scrolls of identify
 h - 2 scrolls of remove curse
 k - a scroll of amnesia {unknown}
Potions
 c - a potion of haste
Comestibles
 e - 5 rations {!d}
 f - 6 chunks of flesh


   Skills:
 * Level 3.1 Fighting
 + Level 3.6 Long Blades
 * Level 4.0 Dodging
 * Level 3.3 Spellcasting
 + Level 0.1 Earth Magic


You had 8 spell levels left.
You knew the following spells:

 Your Spells              Type           Power        Failure   Level  Hunger
a - Sandblast             Erth           #.....       3%          1    None

Your spell library contained the following spells:

 Spells                   Type           Power        Failure   Level  Hunger
 Iskenderun's Battlesphe  Conj/Chrm      #.......     58%         5    ######.


Dungeon Overview and Level Annotations

Branches:
Dungeon (2/12)

Altars:


Innate Abilities, Weirdness & Mutations

Your mind is acute. (Int +2)
You are clumsy. (Dex -2)


Message History

A jackal comes into view.
The worker ant barely misses you.
No path to travel!
No path to travel!
* * * LOW HITPOINT WARNING * * *
You feel sick.
A jackal comes into view.
Okay, then.
Okay, then.
As you read the scroll labeled DUVY BORPHILU, it crumbles to dust.
You feel blessed for a moment.
It was a scroll of remove curse.
* * * LOW HITPOINT WARNING * * *
You feel sick. The worker ant bites you.
* * * LOW HITPOINT WARNING * * *
The kobold barely misses you.
Unknown command.
Okay, then.
As you read the scroll labeled JAXTEU ESENK, it crumbles to dust.
You feel strangely unstable.
It was a scroll of teleportation.
You die...

....###.###.#...#.#
#.#
..#........รท....#.#
#.#
#..##..####.#...#.#
#.# .....
##..##.#..# .# #####
..........###
#########.gg#
#g#..g...
#######a####../
.h...hK@# ..
#########


You could see a worker ant, 2 jackals, 2 hobgoblins and a kobold.

Vanquished Creatures
  An adder (D:2)
  An ooze (D:1)
  A worm (D:1)
  3 dart slugs
  2 leopard geckos (D:1)
  2 bats
  2 giant cockroaches
  3 goblins
  3 hobgoblins
  A quokka (D:1)
  A ball python (D:1)
  3 frilled lizards
  4 kobolds (D:1)
  7 rats
34 creatures vanquished.

Notes
Turn   | Place    | Note
-------+----------+-------------------------------------------
     0 | D:1      | Morbidden the Avariel Reaver began the quest for the Orb.
     0 | D:1      | Reached XP level 1. HP: 13/13 MP: 6/6
    65 | D:1      | Reached XP level 2. HP: 16/18 MP: 7/7
   421 | D:1      | Reached * piety under Vehumet
   421 | D:1      | Offered knowledge of Sandblast by Vehumet.
   424 | D:1      | Learned a level 1 spell: Sandblast
   529 | D:1      | Reached XP level 3. HP: 23/23 MP: 6/9
   869 | D:1      | Reached skill level 4 in Dodging
  1312 | D:2      | Found a faded altar of an unknown god.
  1338 | D:2      | Reached XP level 4. HP: 28/28 MP: 11/11
  1357 | D:2      | Gained mutation: You are clumsy. (Dex -2) [potion of
                  | mutation]
  1357 | D:2      | Gained mutation: Your mind is acute. (Int +2) [potion of
                  | mutation]
  1359 | D:2      | HP: 1/28 [worker ant (2)]
  1360 | D:2      | Succumbed to a worker ant's poison

Skill      XL: |  1  2  3 |
---------------+----------+-----
Fighting       | 3 |  3.1
Dodging        | 4 |  4.0
Spellcasting   | 3 |  3.3
Long Blades    | |  3.6
Earth Magic    | |  0.1

Action                   |  1- 3 |  4- 6 || total
-------------------------+-------+-------++-------
Melee: Long sword        |    92 |     2 ||    94
 Cast: Sandblast         |    27 |     5 ||    32
  Use: Scroll            |       |     2 ||     2
       Potion            |       |     1 ||     1
  Eat: Chunk             |     4 |       ||     4
Armor: Steam dragon scal |    36 |     4 ||    40
Dodge: Dodged            |    72 |     3 ||    75
Block: Other             |     1 |       ||     1
